 Dungeon Crawl Stone Soup version 0.29-a0-982-gaed3a0c8d8 (webtiles) character file.

Game seed: 13029277300704253641

63 MisterAzrael the Magician (level 4, -1/32 HPs)
             Began as a Djinni Air Elementalist on Aug 1, 2022.
             Was an Initiate of Makhleb.
             Slain by a goblin
             ... wielding a +0 dagger
              (2 damage)
             ... on level 3 of the Dungeon.
             The game lasted 00:03:54 (2654 turns).

MisterAzrael the Magician (Djinni Air Elementalist) Turns: 2654, Time: 00:03:55

Health: -1/32      AC:  2    Str:  9    XL:     4   Next: 30%
Gold:   121        EV: 12    Int: 17    God:    Makhleb [......] SH:  0 Dex: 13

rFire   + + .      SeeInvis .   (no weapon)
rCold   x . .      Faith    .   (no shield)
rNeg    . . .      Spirit   .   a - +0 robe
rPois   ∞          Reflect  .   (no helmet)
rElec   .          Harm     .   (no cloak)
rCorr   .          Rampage  .   (no gloves)
Will    .....                   (boots unavailable)
Stlth   ++........              (no amulet)
HPRegen 0.10/turn               (no ring)
MPRegen 0.00/turn               (no ring)

@: attractive, flying
A: sickness immunity, fire resistance 2, cold vulnerability 1, float, innate
caster, HP casting, extra vitality 1
a: Renounce Religion


You were on level 3 of the Dungeon.
You worshipped Makhleb.
Makhleb was noncommittal.
You visited 1 branch of the dungeon, and saw 3 of its levels.

You collected 121 gold pieces.

Inventory:

Missiles
 l - 6 atropa-tipped darts
Armour
 a - a +0 robe (worn)
Jewellery
 o - a +4 ring of protection
Wands
 n - a wand of roots (5)
Scrolls
 c - 3 scrolls of identify
 e - a scroll of teleportation
 g - a scroll of enchant weapon {unknown}
 j - a scroll of magic mapping {unknown}
 m - a scroll of silence {unknown}
Potions
 b - a potion of brilliance {unknown}
 d - a potion of invisibility {unknown}
 f - a potion of curing {unknown}
 h - a potion of mutation {unknown}
 i - a potion of attraction
 k - a potion of haste {unknown}


   Skills:
 * Level 1.6 Fighting
 + Level 3.0 Dodging
 - Level 1.6 Stealth
 * Level 3.1 Spellcasting


You couldn't memorise any spells.
You knew the following spells:

 Your Spells              Type           Power      Damage    Failure   Level
a - Shock                 Conj/Air       52%        1d6       4%          1
b - Static Discharge      Conj/Air       13%        3-5/arc   7%          2
c - Swiftness             Air            13%        N/A       14%         3
d - Airstrike             Air            6%         0-3+      43%         4
e - Sting                 Tmut/Pois      52%        1d5       4%          1
Your spell library was empty.

Dungeon Overview and Level Annotations

Branches:
Dungeon (3/15)

Altars:
Makhleb

Annotations:
D:3 Terence


Innate Abilities, Weirdness & Mutations

You are immune to sickness and miasma.
You are immune to poison.
Your flesh is very heat resistant. (rF++)
You are vulnerable to cold. (rC-)
You float through the air rather than walking.
You learn spells naturally, not from books.
Your magical power is your life essence.
You have superior vitality. (+4 MHP)


Message History

The goblin shouts!
You hear a shout!
Terence the Incautious comes into view.
He is wielding a +0 flail.
The goblin barely misses you.
The sting hits the goblin.
The goblin is poisoned.
You kill the goblin!
Makhleb accepts your kill.
Your Dodging skill increases to level 3!
Terence hits you with a +0 flail!
The sting hits Terence but does no damage.
Terence is poisoned.
Terence hits you with a +0 flail.
You are too injured to fight recklessly!
You are too injured to fight recklessly!
Aiming: Sting (safe; 4% risk of failure)
Press: ? - help, Q - select action, (/) - cycle Shift-Dir - straight line, f/p - Terence
Aim: Terence, wielding a +0 flail and wearing a +0 chain mail (lightly wounded, poisoned, 79% to hit)
The sting hits Terence but does no damage.
Terence looks even sicker.
Terence is lightly wounded.
Terence hits you with a +0 flail!
* * * LOW HITPOINT WARNING * * *
It was a potion of attraction.
You feel attractive to monsters. Terence closely misses you.
As you read the scroll labelled RETHRU ODOGAE, it crumbles to dust.
It is a scroll of identify.
e - 2 scrolls of teleportation Terence hits you with a +0 flail!
* * * LOW HITPOINT WARNING * * *
As you read the scroll of teleportation, it crumbles to dust.
You feel strangely unstable. Terence barely misses you.
Your surroundings suddenly seem different.
A goblin, a howler monkey and an adder come into view.
Found an inky potion and an emerald potion.
The goblin shouts!
The howler monkey hits you.
* * * LOW HITPOINT WARNING * * *
The goblin is attracted toward you. The adder is attracted toward you.
Okay, then.
The howler monkey closely misses you. The goblin hits you with a +0 dagger.
You die...

#### ##
#.#...
#§.#. ####
#...
#....##..
#....g####
#.@!.#
#.h..#.#
#....#..#
#....#...#
####S....#
###
..#...#
...
!..#..#
#.# #..§
#.# #.#
#.###


You could see a howler monkey, an adder (asleep) and a goblin.

Vanquished Creatures
  An adder (D:2)
  2 worms (D:2)
  An orc (D:2)
  6 endoplasms
  2 giant cockroaches (D:2)
  7 goblins
  7 hobgoblins
  A quokka (D:1)
  4 ball pythons
  4 bats
  A frilled lizard (D:2)
  3 kobolds
  2 rats (D:2)
41 creatures vanquished.

Notes
Turn   | Place    | Note
-------+----------+-------------------------------------------
     0 | D:1      | MisterAzrael the Djinni Air Elementalist began the quest
                  | for the Orb.
     0 | D:1      | MisterAzrael set off with the following spells memorised:
                  | Shock, Static Discharge, Swiftness, Airstrike.
     0 | D:1      | Reached XP level 1. HP: 15/15 MP: 0/0
   289 | D:1      | Reached XP level 2. HP: 16/21 MP: 0/0
  1154 | D:1      | Reached XP level 3. HP: 22/26 MP: 0/0
  1154 | D:1      | Learned a level 1 spell: Sting
  1351 | D:2      | Found a burning altar of Makhleb.
  1362 | D:2      | Became a worshipper of Makhleb the Destroyer
  1782 | D:2      | Reached skill level 1 in Fighting
  2179 | D:2      | Reached XP level 4. HP: 31/32 MP: 0/0
  2637 | D:3      | Noticed Terence
  2653 | D:3      | HP: 1/32 [howler monkey (2)]
  2654 | D:3      | Slain by a goblin

Illustrated notes

Levels and vault maps discovered:
D:1:      minmay_arrival_four_loops, layout_loops_ring
D:2:      layout_basic, basic_altar
D:3:      layout_loops_ring, hellmonk_ecumenical_altar_crossroads, serial_shops,
          shop, hangedman_decor_diamond_cutter, chequers_serial_rivers_micro_d,
          uniq_terence

Skill      XL: |  1  2  3  4 |
---------------+-------------+-----
Spellcasting   | 3 |  3.1
Fighting       | 1 |  1.6
Dodging        | 3 |  3.0
Stealth        | |  1.6

Action                   |  1- 3 |  4- 6 || total
-------------------------+-------+-------++-------
Melee: Unarmed           |       |     1 ||     1
 Cast: Shock             |    80 |     4 ||    84
       Sting             |     6 |     8 ||    14
  Use: Scroll            |       |     2 ||     2
       Potion            |       |     1 ||     1
Armor: Robe              |     5 |     3 ||     8
Dodge: Dodged            |    14 |    10 ||    24

Table legend: (Time is in decaauts)
 A = Elapsed time spent in this place.
 B = Non-inter-level travel time spent in this place.
 C = Inter-level travel time spent in this place.
 D = Time resting spent in this place.
 E = Time spent auto-exploring this place.
 F = Levels seen in this place.
 G = Mean time per level.
                   A        B        C        D        E       F      G
               +--------+--------+--------+--------+--------+-----+--------+
         Total |   2654 |   2619 |     35 |    401 |   1883 |   3 |  884.7 |
       Dungeon |   2654 |   2619 |     35 |    401 |   1883 |   3 |  884.7 |
               +--------+--------+--------+--------+--------+-----+--------+

Top non-repeatable levels by time:
     D:1: 1347 daAuts
     D:2: 1241 daAuts
     D:3: 65 daAuts
